[Event "November 21 Late 2023"]
[Site "https://www.chess.com"]
[Date "2023.11.21"]
[Round "1"]
[White "Krysa, Leandro"]
[Black "i_like_explosions"]
[Result "1-0"]
[Board "95"]
[TimeControl "180+1"]
[WhiteFideId "116807"]
[WhiteElo "2495"]
[BlackElo "2372"]
[WhiteTeam "ARG"]
[WhiteClock "0:01:54"]
[BlackClock "0:00:50"]

1. e4 c5 2. Nf3 Nc6 3. Bb5 e6 4. O-O Nge7 5. Re1 a6 6. Bf1 d5 7. d3 dxe4 8. dxe4 Qxd1 9. Rxd1 Ng6 10. a4 b6 11. Na3 Nge5 12. Nxe5 Nxe5 13. Bf4 Nd7 14. Nc4 Be7 15. Bc7 Ra7 16. Bxb6 Nxb6 17. Nxb6 Bb7 18. e5 Bc6 19. a5 O-O 20. Rd2 Bb5 21. Rad1 Rb8 22. g3 Kf8 23. Bxb5 axb5 24. Nd7+ 1-0

[Event "November 21 Late 2023"]
[Site "https://www.chess.com"]
[Date "2023.11.21"]
[Round "1"]
[White "Willy, Stephen"]
[Black "Spata, German"]
[Result "1-0"]
[Board "96"]
[TimeControl "180+1"]
[WhiteFideId "30981468"]
[BlackFideId "113026"]
[WhiteElo "2139"]
[BlackElo "2260"]
[WhiteTeam "USA"]
[BlackTeam "ARG"]
[WhiteClock "0:00:36"]
[BlackClock "0:00:00"]

1. e4 d5 2. exd5 Qxd5 3. Nc3 Qd6 4. d4 c6 5. Nf3 Bg4 6. h3 Bxf3 7. Qxf3 Nf6 8. Be3 e6 9. O-O-O Nbd7 10. Bc4 Be7 11. a3 O-O 12. Bf4 e5 13. dxe5 Nxe5 14. Qe2 Qc5 15. Bxe5 Rfe8 16. Bd4 Qa5 17. Qf3 b5 18. Bb3 b4 19. axb4 Qxb4 20. Rhe1 a5 21. Bxf6 Bxf6 22. Rxe8+ Rxe8 23. Qxc6 Rb8 24. Qc4 Qb6 25. Qxf7+ Kh8 26. Re1 Qc6 27. Ba4 Bg5+ 28. f4 Qg6 29. Qxg6 Bxf4+ 30. Kb1 hxg6 31. Re8+ Rxe8 32. Bxe8 g5 33. Nd5 Bd6 34. Bg6 Kg8 35. c4 Kf8 36. Kc2 Bc5 37. Kd3 1-0

[Event "November 21 Late 2023"]
[Site "https://www.chess.com"]
[Date "2023.11.21"]
[Round "1"]
[White "Zhurbinsky, David"]
[Black "Todorovic, Bojan"]
[Result "1-0"]
[Board "97"]
[TimeControl "180+1"]
[WhiteFideId "2072904"]
[BlackFideId "917087"]
[WhiteElo "2637"]
[BlackElo "2266"]
[WhiteTeam "USA"]
[BlackTeam "SRB"]
[WhiteClock "0:00:03"]
[BlackClock "0:00:00"]

1. e4 g6 2. d4 Bg7 3. Nf3 d6 4. Bc4 e6 5. O-O Ne7 6. Nc3 O-O 7. Re1 a6 8. a4 b6 9. Bg5 h6 10. Bh4 Bb7 11. Qd2 Nd7 12. Rad1 Kh7 13. e5 Bxf3 14. gxf3 d5 15. Bd3 Qe8 16. Ne2 c5 17. c3 c4 18. Bc2 Nf5 19. Bg3 Qe7 20. Nf4 b5 21. Kh1 Nb6 22. a5 Na4 23. Bxa4 bxa4 24. Qc2 Rab8 25. Ra1 Rb5 26. Rxa4 Rfb8 27. Rb1 h5 28. h3 Bh6 29. Ng2 h4 30. Bh2 Qg5 31. Bf4 Qh5 32. Bxh6 Qxh6 33. Qe2 Rb3 34. Qc2 Qh5 35. Ne1 Qg5 36. Ra2 Qf4 37. Qe2 Rxc3 38. bxc3 Rxb1 39. Kg2 Qg5+ 40. Kf1 Rc1 41. Rc2 Rb1 42. Rb2 Ra1 43. Rb7 Kg7 44. Qb2 Rd1 45. Qe2 Rc1 46. Qb2 Rd1 47. Rb6 Rc1 48. Rxa6 Rd1 49. Ra7 Qf4 50. a6 Qh2 51. Ke2 1-0

[Event "November 21 Late 2023"]
[Site "https://www.chess.com"]
[Date "2023.11.21"]
[Round "1"]
[White "Leschinsky, Gary"]
[Black "MKlose11"]
[Result "0-1"]
[Board "98"]
[TimeControl "180+1"]
[WhiteFideId "30951321"]
[WhiteElo "2020"]
[BlackElo "2637"]
[WhiteTeam "USA"]
[WhiteClock "0:00:14"]
[BlackClock "0:01:38"]

1. d4 Nf6 2. c4 c5 3. d5 b5 4. cxb5 a6 5. e3 g6 6. Nc3 Bg7 7. a4 O-O 8. Nf3 d6 9. e4 Nbd7 10. Bd2 Ne8 11. Be2 axb5 12. Bxb5 Nc7 13. O-O Ba6 14. Qe2 Qc8 15. Bg5 Re8 16. Nd2 Rb8 17. Bxa6 Qxa6 18. Qxa6 Nxa6 19. Nb5 Bxb2 20. Rab1 Bg7 21. Nc4 Kf8 22. Rfc1 Ne5 23. Nxe5 Bxe5 24. Be3 Rb7 25. f4 Bg7 26. Kf2 Reb8 27. Rd1 Nc7 28. Na3 Rb4 29. Kf3 Na6 30. Bd2 Rxa4 31. Rxb8+ Nxb8 32. Bc1 Na6 33. Rd3 Nb4 34. Rb3 f5 0-1

[Event "November 21 Late 2023"]
[Site "https://www.chess.com"]
[Date "2023.11.21"]
[Round "1"]
[White "Lamard, Guillaume"]
[Black "SergioMoralesG"]
[Result "1/2-1/2"]
[Board "99"]
[TimeControl "180+1"]
[WhiteFideId "600261"]
[WhiteElo "2409"]
[BlackElo "2363"]
[WhiteTeam "FRA"]
[WhiteClock "0:00:33"]
[BlackClock "0:00:10"]

1. Nf3 d5 2. g3 Bg4 3. Bg2 Nd7 4. d4 Ngf6 5. c4 c6 6. O-O e6 7. h3 Bxf3 8. Bxf3 Be7 9. Qc2 O-O 10. b3 Rc8 11. Bb2 h6 12. c5 Qc7 13. Nd2 e5 14. e4 Nxe4 15. Nxe4 dxe4 16. Bxe4 exd4 17. Bxd4 Bf6 18. Rad1 Bxd4 19. Rxd4 Rcd8 20. Bg2 Nf6 21. Rf4 Qe5 22. b4 a6 23. a4 Rd7 24. Rf5 Qe7 25. b5 axb5 26. axb5 cxb5 27. Rb1 Rfd8 28. Qb3 Rd2 29. Qxb5 Rc2 30. Qxb7 Qe2 31. Rf1 Rd1 32. Qf3 Rxf1+ 33. Bxf1 Qxf3 34. Rxf3 Rxc5 35. Kg2 Kh7 36. Rd3 g6 37. Ra3 Kg7 38. h4 Rc7 39. Ra2 h5 40. Be2 Re7 41. Bf3 Rc7 42. Ra5 Re7 43. Rc5 Ra7 44. Bc6 Rc7 45. Rc4 Re7 46. Ba4 Ra7 47. Bb3 Rb7 48. Bc2 Re7 49. Bd1 Rd7 50. Be2 Re7 51. Rc2 Ra7 52. f3 Re7 53. g4 hxg4 54. fxg4 Re8 55. Bf3 Re7 56. Kg3 Ra7 57. Rc6 Re7 58. g5 Nh5+ 59. Bxh5 gxh5 60. Rh6 Re5 61. Kf4 Ra5 62. Rxh5 Ra4+ 63. Kf5 Ra5+ 64. Kg4 Ra4+ 65. Kf3 f6 66. Rh6 fxg5 67. hxg5 Ra3+ 68. Kg4 Ra5 69. Kh5 Rb5 70. Rd6 Rb7 71. Rd8 Ra7 72. Rb8 Rc7 73. Rb6 Ra7 74. Re6 Rf7 75. Kg4 Rc7 76. Rf6 Rc4+ 77. Kf5 Rc7 78. Rd6 Ra7 79. Ke6 Rb7 80. Rd5 Ra7 81. Rf5 Ra6+ 82. Ke5 Ra7 83. Kf4 Ra4+ 84. Kg3 Ra7 85. Rf6 Ra3+ 86. Kg4 Ra7 87. Kh5 Rc7 88. Rd6 Ra7 89. Rb6 Re7 90. Rh6 Rc7 91. Re6 Rf7 92. Kg4 Ra7 93. Re4 Rb7 94. Rf4 Ra7 95. Kf5 Rf7+ 96. Ke5 Rxf4 97. Kxf4 Kg6 98. Kg4 Kg7 99. Kf5 Kf7 100. g6+ Kg7 101. Kg5 Kg8 102. Kh6 Kh8 103. Kh5 Kg7 104. Kg5 Kg8 105. Kf6 Kf8 106. Kf5 Kg7 107. Kg5 1/2-1/2

[Event "November 21 Late 2023"]
[Site "https://www.chess.com"]
[Date "2023.11.21"]
[Round "1"]
[White "PapaieDudu"]
[Black "Yi, Richard"]
[Result "1-0"]
[Board "100"]
[TimeControl "180+1"]
[BlackFideId "2079518"]
[WhiteElo "2362"]
[BlackElo "2147"]
[BlackTeam "USA"]
[WhiteClock "0:00:05"]
[BlackClock "0:00:00"]

1. d4 Nf6 2. Nf3 g6 3. c4 Bg7 4. Nc3 d5 5. e3 O-O 6. Be2 c5 7. O-O cxd4 8. exd4 dxc4 9. Bxc4 a6 10. a4 Nc6 11. h3 Bf5 12. Be3 Nb4 13. Qd2 Rc8 14. Be2 Nfd5 15. Rac1 Qd6 16. Bh6 Rfd8 17. Bxg7 Kxg7 18. Rfd1 Nf4 19. Ne5 Nxe2+ 20. Qxe2 Qe6 21. g4 Bc2 22. Rxc2 Nxc2 23. Qxc2 Qb6 24. Qd2 Rd6 25. Ne4 Rd5 26. Nf3 Qb3 27. Nc3 Rd6 28. Re1 e6 29. Qf4 Rd7 30. Ne5 Rdc7 31. Ne4 Qb4 32. Qf6+ Kg8 33. Nf3 Qxb2 34. Neg5 Qb3 35. Re3 Qxa4 36. Ne5 Rf8 37. Rf3 Qd1+ 38. Kg2 Qxd4 39. Rf4 Qd5+ 40. Kg3 Qb3+ 41. Rf3 Qb2 42. h4 Rc5 43. Re3 Rc7 44. h5 h6 45. Ne4 gxh5 46. gxh5 Kh7 47. Kf4 Qc1 48. Ng3 1-0

[Event "November 21 Late 2023"]
[Site "https://www.chess.com"]
[Date "2023.11.21"]
[Round "1"]
[White "Vasquez Vargas, Henry Richard"]
[Black "Gallegos Diaz, Carlos Alberto"]
[Result "1-0"]
[Board "101"]
[TimeControl "180+1"]
[WhiteFideId "3836878"]
[BlackFideId "3900886"]
[WhiteElo "2012"]
[BlackElo "2362"]
[WhiteTeam "PER"]
[BlackTeam "VEN"]
[WhiteClock "0:00:38"]
[BlackClock "0:00:00"]

1. d4 d6 2. Nc3 Nf6 3. e4 c6 4. Nf3 Qa5 5. Bd3 e5 6. Bd2 Nbd7 7. O-O Qc7 8. b4 Be7 9. b5 O-O 10. bxc6 bxc6 11. dxe5 dxe5 12. Qe2 Nc5 13. Bc4 Bg4 14. h3 Bh5 15. Bg5 Rad8 16. Qe3 Ne6 17. Bxe6 fxe6 18. Nd2 Qa5 19. Nc4 Qc5 20. Bxf6 Qxe3 21. Nxe3 gxf6 22. Rab1 Bc5 23. Rb7 Bd4 24. Ncd1 f5 25. c3 Bb6 26. g4 Rf7 27. Rxb6 axb6 28. gxh5 Ra7 29. exf5 Kf7 30. fxe6+ Kxe6 31. Ng4 Rxa2 32. Re1 Rd5 33. Nde3 Rda5 34. Kg2 Ra1 35. Re2 R5a2 36. Nc2 e4 37. Rxe4+ Kd5 38. Re5+ Kc4 39. Nxa1 Rxa1 40. Re6 1-0

[Event "November 21 Late 2023"]
[Site "https://www.chess.com"]
[Date "2023.11.21"]
[Round "1"]
[White "Djabri, Massinas"]
[Black "Taboas Rodriguez, Daniel"]
[Result "0-1"]
[Board "102"]
[TimeControl "180+1"]
[WhiteFideId "7905726"]
[BlackFideId "2208466"]
[WhiteElo "2186"]
[BlackElo "2365"]
[WhiteTeam "ALG"]
[BlackTeam "ESP"]
[WhiteClock "0:00:00"]
[BlackClock "0:00:20"]

1. d4 Nf6 2. c4 g6 3. Nc3 Bg7 4. e4 d6 5. Be2 O-O 6. Nf3 e5 7. O-O Nc6 8. d5 Ne7 9. Ne1 Ne8 10. Nd3 f5 11. f3 f4 12. Bd2 g5 13. c5 Rf6 14. Rc1 Rg6 15. b4 h5 16. h3 Nf6 17. Nf2 g4 18. fxg4 hxg4 19. hxg4 Ne8 20. Nb5 a6 21. Na3 Rh6 22. Rc3 Ng6 23. Nc4 Bd7 24. Qc2 Bf6 25. Rh3 Rxh3 26. Nxh3 Bh4 27. Na5 Bg3 28. c6 bxc6 29. dxc6 Bc8 30. Qb3+ Kg7 31. Bc3 Qh4 32. Qd1 Nf6 33. Nc4 Nxg4 34. Nxd6 Ne3 35. Ne8+ Kh6 36. Qb3 Bxh3 37. Qg8 Rxe8 38. Qxe8 Bd7 0-1

[Event "November 21 Late 2023"]
[Site "https://www.chess.com"]
[Date "2023.11.21"]
[Round "1"]
[White "Dobrikov, Marco"]
[Black "Garrido, Denis"]
[Result "1-0"]
[Board "103"]
[TimeControl "180+1"]
[WhiteFideId "12950378"]
[BlackFideId "601217"]
[WhiteElo "2394"]
[BlackElo "2357"]
[WhiteTeam "GER"]
[BlackTeam "FRA"]
[WhiteClock "0:01:48"]
[BlackClock "0:01:49"]

1. c4 c6 2. Nf3 d5 3. d4 Nf6 4. g3 e6 5. Bg2 Be7 6. O-O O-O 7. Nc3 a5 8. Ne5 Nbd7 9. e4 dxc4 10. Nxc4 b5 11. Ne3 Bb7 12. d5 b4 13. d6 bxc3 14. bxc3 Re8 15. dxe7 Qxe7 16. Nc4 Red8 17. Ba3 c5 18. Qc2 Ba6 19. Qa4 Bxc4 20. Qxc4 Rac8 21. Rad1 Ne5 22. Qb5 Qe8 23. Qxa5 c4 24. Qxe5 1-0

[Event "November 21 Late 2023"]
[Site "https://www.chess.com"]
[Date "2023.11.21"]
[Round "1"]
[White "Szente Varga, Fruzsina"]
[Black "Poltorak, Sebastian"]
[Result "0-1"]
[Board "104"]
[TimeControl "180+1"]
[WhiteFideId "712264"]
[BlackFideId "1199498"]
[WhiteElo "1994"]
[BlackElo "2250"]
[WhiteTeam "HUN"]
[BlackTeam "POL"]
[WhiteClock "0:00:19"]
[BlackClock "0:01:10"]

1. e4 c6 2. d4 d5 3. exd5 cxd5 4. c3 Bf5 5. Ne2 Nc6 6. Ng3 Bg6 7. h4 f6 8. h5 Bf7 9. Bd3 e5 10. O-O e4 11. Re1 Nge7 12. Bc2 g6 13. Bb3 Bg7 14. h6 Bf8 15. f3 f5 16. Bg5 Qd7 17. fxe4 dxe4 18. Bxf7+ Kxf7 19. Qb3+ Qd5 20. Nd2 Qxb3 21. Nxb3 Nd5 22. a3 Be7 23. Bxe7 Ncxe7 24. c4 Nf6 25. d5 Rhd8 26. Nd4 Rac8 27. Rac1 Rd6 28. Ne6 Rxe6 29. dxe6+ Kxe6 30. Ne2 g5 31. Nd4+ Ke5 32. Nb5 a6 33. Nc3 Rxc4 34. Ne2 Rxc1 35. Rxc1 Nfd5 36. Nc3 Nf4 37. Na4 Ne2+ 38. Kf2 Nxc1 39. Nc5 Nd3+ 40. Nxd3+ exd3 41. Ke3 f4+ 42. Kxd3 g4 43. b3 f3 44. gxf3 g3 45. Ke3 Nf5+ 46. Ke2 Kf4 0-1

[Event "November 21 Late 2023"]
[Site "https://www.chess.com"]
[Date "2023.11.21"]
[Round "1"]
[White "Vlassov, Nikolai"]
[Black "Bashylina, Luisa"]
[Result "0-1"]
[Board "105"]
[TimeControl "180+1"]
[WhiteFideId "4103360"]
[BlackFideId "12983292"]
[WhiteElo "2324"]
[BlackElo "2067"]
[WhiteTeam "FID"]
[BlackTeam "GER"]
[WhiteClock "0:00:00"]
[BlackClock "0:00:04"]

1. e4 c5 2. c3 g6 3. d4 cxd4 4. cxd4 Bg7 5. Nc3 d6 6. Be3 Nf6 7. f3 Nc6 8. Qd2 a6 9. Nge2 b5 10. g4 Bb7 11. g5 Nd7 12. h4 b4 13. Nd5 a5 14. h5 gxh5 15. Ng3 Rg8 16. Rxh5 e6 17. Nf4 e5 18. dxe5 Ndxe5 19. Be2 Ba6 20. Nd5 Rc8 21. Nf5 Nc4 22. Bxc4 Bxc4 23. Nb6 Ne5 24. Nxd6+ Kf8 25. Kf2 Nd3+ 26. Kg2 Qxd6 27. Nxc8 Qc7 28. b3 Bxa1 29. bxc4 Qxc8 30. Qxd3 Be5 31. Qd5 Qc7 32. Rxh7 Ke8 33. Qa8+ Qd8 34. Qxd8+ Kxd8 35. Rxf7 a4 36. f4 Bc3 37. Ra7 Ke8 38. f5 b3 39. axb3 axb3 40. Rb7 b2 41. Kf3 Kd8 42. g6 Kc8 43. Rb3 Kc7 44. c5 Kc6 0-1

[Event "November 21 Late 2023"]
[Site "https://www.chess.com"]
[Date "2023.11.21"]
[Round "1"]
[White "Romero Ruscalleda, Josep"]
[Black "Koksal, Ege"]
[Result "0-1"]
[Board "106"]
[TimeControl "180+1"]
[WhiteFideId "2231859"]
[BlackFideId "6317626"]
[WhiteElo "2183"]
[BlackElo "2230"]
[WhiteTeam "ESP"]
[BlackTeam "TUR"]
[WhiteClock "0:01:21"]
[BlackClock "0:02:02"]

1. e4 e5 2. Nf3 Nc6 3. Bc4 Bc5 4. c3 Nf6 5. d3 d6 6. Nbd2 a6 7. Nf1 Ba7 8. Be3 h6 9. Bxa7 Rxa7 10. Ne3 Ra8 11. O-O O-O 12. b4 Ng4 13. Qd2 Nxe3 14. Qxe3 Kh8 15. Nd2 f5 16. f4 fxe4 17. Nxe4 d5 18. Bxd5 Qxd5 19. fxe5 Bf5 20. Nc5 b6 21. Nb3 Qxd3 22. Rae1 Qxe3+ 23. Rxe3 Be6 24. Nd2 Rxf1+ 25. Kxf1 Bxa2 26. Ne4 Be6 27. Ng3 a5 28. b5 Ne7 29. h3 a4 30. c4 a3 31. Re1 Bxc4+ 0-1

[Event "November 21 Late 2023"]
[Site "https://www.chess.com"]
[Date "2023.11.21"]
[Round "1"]
[White "Maltsevskaya, Aleksandra"]
[Black "Hoffmann, Asa"]
[Result "1-0"]
[Board "107"]
[TimeControl "180+1"]
[WhiteFideId "24174041"]
[BlackFideId "2001470"]
[WhiteElo "2296"]
[BlackElo "2117"]
[WhiteTeam "POL"]
[BlackTeam "USA"]
[WhiteClock "0:00:17"]
[BlackClock "0:00:10"]

1. Nf3 d6 2. g3 e5 3. Bg2 Nf6 4. d3 Nc6 5. O-O Be7 6. Nbd2 h6 7. e4 Be6 8. a3 a5 9. b3 Qd7 10. Nc4 Bh3 11. Bd2 O-O 12. Nh4 Bxg2 13. Kxg2 d5 14. exd5 Qxd5+ 15. Qf3 e4 16. dxe4 Nxe4 17. Nf5 Bf6 18. Rad1 Rad8 19. Bb4 Qxd1 20. Rxd1 Ng5 21. Rxd8 Rxd8 22. Qg4 axb4 23. axb4 b5 24. h4 Ne6 25. Nce3 Ne5 26. Nxh6+ Kf8 27. Qf5 Nd4 28. Qh7 gxh6 29. Qxh6+ Bg7 30. Qh7 Rd6 31. Qe4 Ng6 32. h5 Ne7 33. Qa8+ Nc8 34. Qxc8+ Ke7 35. Qxc7+ Rd7 36. Qc5+ Ke8 37. Qg5 Bf8 38. h6 Ne6 39. Qg8 Ke7 40. h7 Bg7 41. Nf5+ Kf6 42. Nxg7 Nxg7 43. h8=Q Ke5 44. Qhxg7+ 1-0

[Event "November 21 Late 2023"]
[Site "https://www.chess.com"]
[Date "2023.11.21"]
[Round "1"]
[White "Zivic, Dragan"]
[Black "Wieczorek, Oskar"]
[Result "0-1"]
[Board "108"]
[TimeControl "180+1"]
[WhiteFideId "904740"]
[BlackFideId "1133950"]
[WhiteElo "2073"]
[BlackElo "2407"]
[WhiteTeam "SRB"]
[BlackTeam "POL"]
[WhiteClock "0:00:18"]
[BlackClock "0:00:14"]

1. c4 g6 2. Nc3 Bg7 3. d4 c5 4. Nf3 cxd4 5. Nxd4 Nc6 6. Nc2 Nf6 7. e4 d6 8. Be2 O-O 9. O-O Nd7 10. Be3 Bxc3 11. bxc3 Nc5 12. f3 Qa5 13. Qd2 Be6 14. Nd4 Ne5 15. Nxe6 fxe6 16. f4 Nc6 17. Bf3 Rac8 18. Rfb1 Qa6 19. Rb5 Na5 20. Qe2 Na4 21. Bg4 Rf6 22. e5 dxe5 23. fxe5 Rf5 24. Bxf5 exf5 25. Qd3 Nxc4 26. Rb4 b5 27. Qd5+ e6 28. Qd3 Nxe3 29. Qxe3 Nxc3 30. Rh4 Nd5 31. Qh6 Qb6+ 32. Kh1 Qb7 33. Rh3 b4 34. Rc1 Rc7 35. Rxc7 Qxc7 36. Qd2 Qc4 37. Rd3 a5 38. Rd4 Qf1# 0-1

[Event "November 21 Late 2023"]
[Site "https://www.chess.com"]
[Date "2023.11.21"]
[Round "1"]
[White "Feng, Eric"]
[Black "Rieger, Robert"]
[Result "1-0"]
[Board "109"]
[TimeControl "180+1"]
[WhiteFideId "30952590"]
[BlackFideId "1625527"]
[WhiteElo "1785"]
[BlackElo "2250"]
[WhiteTeam "USA"]
[BlackTeam "AUT"]
[WhiteClock "0:01:03"]
[BlackClock "0:00:20"]

1. d4 d5 2. c4 c6 3. cxd5 cxd5 4. Bf4 Nc6 5. e3 a6 6. Nc3 Nf6 7. Be2 Qb6 8. Nf3 Qxb2 9. Rc1 Bf5 10. O-O e6 11. Nh4 Bg6 12. Na4 Qb4 13. Nxg6 hxg6 14. Rb1 Qa5 15. Rxb7 Ne4 16. f3 Nd6 17. Rb6 O-O-O 1-0

[Event "November 21 Late 2023"]
[Site "https://www.chess.com"]
[Date "2023.11.21"]
[Round "1"]
[White "Ramadoss, Ashokkumar"]
[Black "Principe, Gerson"]
[Result "0-1"]
[Board "110"]
[TimeControl "180+1"]
[WhiteFideId "5040990"]
[BlackFideId "3804550"]
[WhiteElo "2337"]
[BlackElo "2186"]
[WhiteTeam "IND"]
[BlackTeam "PER"]
[WhiteClock "0:00:08"]
[BlackClock "0:00:35"]

1. Nf3 d5 2. c4 e6 3. Qc2 Nf6 4. d4 Be7 5. cxd5 exd5 6. Bg5 O-O 7. e3 Be6 8. Bd3 Nbd7 9. Nc3 Rc8 10. O-O h6 11. Bh4 c5 12. Rad1 a6 13. Bf5 b5 14. Bxe6 fxe6 15. Qg6 Qe8 16. Qxe8 Rfxe8 17. Ne5 Nxe5 18. dxe5 Nd7 19. Bg3 Nb6 20. e4 d4 21. Ne2 Red8 22. b3 Rc6 23. Rd2 d3 24. Rfd1 c4 25. bxc4 bxc4 26. Nc1 Bb4 27. Rb2 Ba3 28. Rb1 Bxc1 29. Rbxc1 c3 30. f3 c2 31. Rd2 Kf7 32. Bf2 Nc4 33. Rcxc2 dxc2 0-1

[Event "November 21 Late 2023"]
[Site "https://www.chess.com"]
[Date "2023.11.21"]
[Round "1"]
[White "Golubev, Mikhail"]
[Black "Jarocka, Liwia"]
[Result "1-0"]
[Board "111"]
[TimeControl "180+1"]
[WhiteFideId "14100983"]
[BlackFideId "21807558"]
[WhiteElo "2352"]
[BlackElo "2001"]
[WhiteTeam "UKR"]
[BlackTeam "POL"]
[WhiteClock "0:00:05"]
[BlackClock "0:00:00"]

1. e4 c5 2. Nf3 Nc6 3. Nc3 Nf6 4. Bb5 Nd4 5. e5 Nxb5 6. Nxb5 Nd5 7. Ng5 e6 8. Ne4 f5 9. Nbd6+ Bxd6 10. Nxd6+ Kf8 11. d4 cxd4 12. Qxd4 b6 13. O-O Ba6 14. Re1 h6 15. Nxf5 Rc8 16. Nd6 Rxc2 17. Qa4 Bd3 18. Rd1 Bg6 19. h4 Kg8 20. h5 Bh7 21. Qg4 Qf8 22. Rf1 Bf5 23. Nxf5 Qxf5 24. Qxf5 exf5 25. Rd1 Rc5 26. b4 Nxb4 27. Rxd7 Kh7 28. Bb2 Rhc8 29. e6 R5c7 30. Rad1 Nc6 31. Kh2 Ne5 32. Rxc7 1-0

[Event "November 21 Late 2023"]
[Site "https://www.chess.com"]
[Date "2023.11.21"]
[Round "1"]
[White "Eggleston, Thomas A"]
[Black "Skatchkov, Valery"]
[Result "1-0"]
[Board "112"]
[TimeControl "180+1"]
[WhiteFideId "412139"]
[BlackFideId "24195812"]
[WhiteElo "2169"]
[BlackElo "2320"]
[WhiteTeam "ENG"]
[BlackTeam "RUS"]
[WhiteClock "0:01:38"]
[BlackClock "0:01:09"]

1. e4 e5 2. Nf3 d5 3. exd5 e4 4. Ne5 Qxd5 5. d4 exd3 6. Nxd3 Nf6 7. Nc3 Qf5 8. Be2 Nc6 9. O-O Bd6 10. Bf3 O-O 11. Re1 Nd4 12. Be4 Nxe4 13. Nxe4 Bd7 14. Nxd6 cxd6 15. Be3 Ne6 16. Nb4 a5 17. Nd5 Bc6 18. Ne7+ 1-0

[Event "November 21 Late 2023"]
[Site "https://www.chess.com"]
[Date "2023.11.21"]
[Round "1"]
[White "Ballester Llagaria, Luis Eduardo"]
[Black "patzersame"]
[Result "1-0"]
[Board "113"]
[TimeControl "180+1"]
[WhiteFideId "2297620"]
[WhiteElo "2344"]
[BlackElo "2331"]
[WhiteTeam "ESP"]
[WhiteClock "0:00:19"]
[BlackClock "0:00:00"]

1. e4 e5 2. Nf3 Nf6 3. d4 Nxe4 4. Bd3 d5 5. Nxe5 Bd6 6. O-O O-O 7. Nc3 Nxc3 8. bxc3 Qh4 9. f4 c5 10. f5 cxd4 11. Rf4 Qf6 12. Ng4 Qd8 13. f6 Bxf4 14. Bxf4 Bxg4 15. Qxg4 Qxf6 16. Rf1 Nc6 17. Bg5 Qe5 18. Bf6 Qe3+ 19. Kh1 Qh6 20. Bg5 Qe6 21. Bf5 Qd6 22. Bf4 Qf6 23. Bg5 Qd6 24. Qh4 h6 25. Bf4 Qf6 26. Qxf6 gxf6 27. Bxh6 Rfe8 28. h4 Re3 29. cxd4 Rae8 30. Bxe3 Rxe3 31. Rf4 Ra3 32. Rg4+ Kf8 33. h5 Ne7 34. h6 Nxf5 35. h7 Rxa2 36. h8=Q+ Ke7 37. Qb8 Nd6 38. Qc7+ Ke6 39. Rf4 Ne4 40. Rxe4+ dxe4 41. Qxb7 Kf5 42. Qd5+ Kf4 43. Qxa2 e3 44. Qb1 Kg3 45. Qe1+ Kf4 46. d5 Kf5 47. d6 Ke6 48. Qxe3+ Kxd6 49. Qb3 Kc5 50. Qxf7 Kb6 51. Qxf6+ 1-0

[Event "November 21 Late 2023"]
[Site "https://www.chess.com"]
[Date "2023.11.21"]
[Round "1"]
[White "Shapiro, Daniel"]
[Black "Ambartsumova, Karina"]
[Result "1/2-1/2"]
[Board "114"]
[TimeControl "180+1"]
[WhiteFideId "2001780"]
[BlackFideId "4166299"]
[WhiteElo "2330"]
[BlackElo "2240"]
[WhiteTeam "USA"]
[BlackTeam "RUS"]
[WhiteClock "0:00:11"]
[BlackClock "0:00:09"]

1. d4 Nf6 2. c4 e6 3. g3 d5 4. Nf3 dxc4 5. Bg2 Nc6 6. Qa4 Bb4+ 7. Bd2 Bd6 8. Bf4 Bxf4 9. gxf4 Nd5 10. e3 Nb6 11. Qc2 Nb4 12. Qc3 N4d5 13. Qc2 O-O 14. O-O f6 15. Nbd2 Bd7 16. Nxc4 Nxc4 17. Qxc4 a6 18. Rfc1 Rc8 19. Nd2 c6 20. Ne4 Qe7 21. Qc5 Qxc5 22. Nxc5 Rc7 23. a3 a5 24. b3 Re8 25. Rab1 Bc8 26. b4 axb4 27. axb4 e5 28. fxe5 fxe5 29. Bxd5+ cxd5 30. Nd3 Rxc1+ 31. Rxc1 exd4 32. exd4 Bf5 33. Ne5 Rc8 34. Rc5 Rxc5 35. bxc5 Kf8 36. Kf1 Ke7 37. Ke1 h6 38. Kd2 g5 39. Kc3 Be6 40. c6 bxc6 41. Nxc6+ Kd6 42. Ne5 Bg8 43. Kb4 Be6 44. Kb5 Bg8 45. Kb6 Be6 46. Kb5 Bg8 47. Kb6 Be6 48. Kb5 1/2-1/2

[Event "November 21 Late 2023"]
[Site "https://www.chess.com"]
[Date "2023.11.21"]
[Round "1"]
[White "Banzea, Alexandru-Bogdan"]
[Black "Maect19"]
[Result "1-0"]
[Board "115"]
[TimeControl "180+1"]
[WhiteFideId "1232622"]
[WhiteElo "2294"]
[BlackElo "2329"]
[WhiteTeam "ROU"]
[WhiteClock "0:01:52"]
[BlackClock "0:01:31"]

1. d4 d5 2. Nc3 Nf6 3. Bf4 c5 4. e3 e6 5. Nb5 Na6 6. c3 Be7 7. a4 O-O 8. Bd3 Bd7 9. Nf3 Rc8 10. Ne5 Ra8 11. h4 Be8 12. g4 Nd7 13. g5 Nxe5 14. Bxe5 Bxb5 15. axb5 Nc7 16. Qh5 g6 17. Qh6 f6 18. h5 Kf7 19. gxf6 Bxf6 20. Qxh7+ Ke8 21. Bxg6+ 1-0

[Event "November 21 Late 2023"]
[Site "https://www.chess.com"]
[Date "2023.11.21"]
[Round "1"]
[White "Gerbelli Neto, Eduardo"]
[Black "Gimenez Aguirre, Alejo Ismael"]
[Result "0-1"]
[Board "116"]
[TimeControl "180+1"]
[WhiteFideId "2103281"]
[BlackFideId "32041667"]
[WhiteElo "2178"]
[BlackElo "2165"]
[WhiteTeam "BRA"]
[BlackTeam "ARG"]
[WhiteClock "0:00:06"]
[BlackClock "0:00:51"]

1. e4 c5 2. Nc3 g6 3. f4 Bg7 4. Nf3 e6 5. Bc4 Nc6 6. f5 gxf5 7. d3 d5 8. exd5 exd5 9. Nxd5 Be6 10. Qe2 Nge7 11. Nxe7 Qxe7 12. Bb3 O-O-O 13. O-O Nd4 14. Qf2 Kb8 15. Be3 Qc7 16. Nxd4 cxd4 17. Bf4 Be5 18. Rae1 Bxf4 19. Qxf4 Rhe8 20. Qxc7+ Kxc7 21. Re5 Kd6 22. Rb5 b6 23. a4 Rg8 24. Re1 Rg4 25. Kf2 Rdg8 26. g3 f4 27. Re4 fxg3+ 28. hxg3 Rxe4 29. dxe4 Bxb3 30. Rxb3 Rc8 31. c3 Ke5 32. Kf3 Rc6 33. Rb5+ Rc5 34. Rb3 Ra5 35. cxd4+ Kxd4 36. Rb4+ Kc5 37. Rb3 Rxa4 38. Rc3+ Rc4 39. Rd3 Rd4 40. Rc3+ Kd6 41. b3 a5 42. Ke3 Rd1 43. Rc8 Ke7 44. Rc7+ Rd7 45. Rc6 Rd6 46. Rc7+ Kf6 47. Rb7 Re6 48. Kf4 Kg6 49. e5 Rc6 50. Rd7 f6 51. Rd6 Rxd6 52. exd6 Kf7 53. Kf5 b5 54. d7 Ke7 55. d8=Q+ Kxd8 56. Kxf6 a4 57. bxa4 bxa4 58. Kg7 a3 59. Kxh7 a2 60. g4 a1=Q 61. g5 Ke8 62. g6 Kf8 63. Kh6 Qg1 0-1

[Event "November 21 Late 2023"]
[Site "https://www.chess.com"]
[Date "2023.11.21"]
[Round "1"]
[White "Wadsworth, Matthew J"]
[Black "Biernacki, Mark"]
[Result "1-0"]
[Board "117"]
[TimeControl "180+1"]
[WhiteFideId "415804"]
[BlackFideId "2082322"]
[WhiteElo "2266"]
[BlackElo "1965"]
[WhiteTeam "ENG"]
[BlackTeam "USA"]
[WhiteClock "0:00:47"]
[BlackClock "0:00:03"]

1. e4 c6 2. d4 d5 3. e5 Bf5 4. h4 h5 5. Bd3 Bxd3 6. Qxd3 Qa5+ 7. Nd2 e6 8. Nf3 Qa6 9. c4 Nd7 10. O-O Bb4 11. Qc2 Ne7 12. c5 b6 13. Nb3 bxc5 14. dxc5 Nf5 15. a3 Ba5 16. Nbd4 Nxd4 17. Nxd4 Nxe5 18. Bf4 Ng6 19. Nxe6 Nxf4 20. Nxf4 O-O-O 21. b4 Bc7 22. Qf5+ Rd7 23. Rfe1 Bxf4 24. Qxf4 Qd3 25. Re3 Qg6 26. Rae1 Rhd8 27. Re7 f6 28. R1e6 Kb7 29. Qd6 Qb1+ 30. Kh2 Rxe7 31. Rxe7+ Ka6 32. Qxc6# 1-0